 Dungeon Crawl Stone Soup version 0.25-a0-597-gb30770a0c0 (webtiles) character file.

Game seed: 18412786484298255202, levelgen mode: classic

864 EnegeticOcto the Chopper (level 7, 41/67 HPs)
             Began as a Deep Dwarf Fighter on Mar 15, 2020.
             Quit the game on level 5 of the Dungeon.
             The game lasted 00:02:47 (2634 turns).

EnegeticOcto the Chopper (Deep Dwarf Fighter)       Turns: 2634, Time: 00:02:48

Health: 41/67      AC:  8    Str: 22    XL:     7   Next: 72%
Magic:  4/4        EV:  7    Int:  8    God:
Gold:   30         SH: 15    Dex: 12    Spells: 6/6 levels left

rFire    . . .     SeeInvis .   a - +0 war axe
rCold    . . .     Gourm    .   z - +0 tower shield
rNeg     . . .     Faith    .   b - +0 scale mail
rPois    .         Spirit   .   (no helmet)
rElec    .         Reflect  .   (no cloak)
rCorr    .         Harm     .   (no gloves)
MR       +....                  j - +0 pair of boots
Stlth    ..........             (no amulet)
HPRegen  0.00/turn              (no ring)
MPRegen  0.09/turn              (no ring)

@: non-regenerating
A: damage resistance, heal wounds, sense surroundings 1, no regeneration
a: Heal Wounds


You were on level 5 of the Dungeon.
You were not hungry.

You visited 1 branch of the dungeon, and saw 5 of its levels.

You collected 149 gold pieces.
You spent 119 gold pieces at shops.

Inventory:

Hand Weapons
 a - a +0 war axe (weapon)
Armour
 b - a +0 scale mail (worn)
 j - a +0 pair of boots (worn)
 z - a +0 tower shield (worn)
Wands
 w - a wand of iceblast (6)
Scrolls
 i - 2 scrolls of noise {unknown}
 m - 3 scrolls of fear {!r}
 n - 2 scrolls of teleportation {@r3 !r}
 p - a scroll of random uselessness {unknown}
 q - a scroll of enchant armour {unknown}
 s - 2 scrolls of blinking {unknown}
 t - a scroll of immolation {unknown}
 u - 4 scrolls of fog {!r}
Potions
 d - 2 potions of might {@q3 !q}
 f - 3 potions of curing {@q1 !q}
 l - a potion of resistance
 o - 2 potions of heal wounds {unknown}
 r - a potion of invisibility {unknown}
 v - a potion of flight {unknown}
 x - a potion of stabbing {unknown}
Comestibles
 c - 9 chunks of flesh
 e - 11 rations


   Skills:
 * Level 5.0 Fighting
 * Level 5.6 Axes
 + Level 4.9 Armour
 - Level 2.6 Dodging
 * Level 5.2 Shields


You had 6 spell levels left.
You didn't know any spells.
Your spell library was empty.

Dungeon Overview and Level Annotations

Branches:
Dungeon (5/15)
 Temple: D:4-7

Altars:
Okawaru

Shops:
D:4 ?   D:5 =


Innate Abilities, Weirdness & Mutations

You are resistant to damage.
You can heal yourself by infusing magical energy.
You passively map a small area around you.
You do not regenerate.


Message History

e - 10 rations (gained 1) Key pressed, stopping explore.
No target in view!
No target in view!
No target in view!
No target in view!
No target in view!
No target in view!
No target in view!
You open the door.
There is an open door here.
m - 3 scrolls of fear {!r} (gained 1)
A gnoll comes into view.
A gnoll is nearby!
A gnoll comes into view.
It is wielding a -3 spear and carrying a wand of random effects (20).
The gnoll shouts!
You block the gnoll's attack.
You hit the gnoll but do no damage. You block the gnoll's attack. x2
A gnoll comes into view. It is wielding a +0 club.
The gnoll hits you but does no damage. x2
Your shield and scale mail prevent you from hitting the gnoll.
You block the gnoll's attack. The gnoll hits you!
Your shield prevents you from hitting the gnoll.
The gnoll hits you but does no damage. You block the gnoll's attack.
The gnoll barely misses you.
You slash the gnoll!
You kill the gnoll!
You block the gnoll's attack. You block the gnoll's attack.
Things that are here:
a potion of curing {@q1 !q}; a scroll of fog {!r}; a gnoll corpse You slash the gnoll!
You kill the gnoll!
You hit the gnoll.
The gnoll is moderately wounded.
The gnoll hits you with a +0 club.
You barely miss the gnoll.
The gnoll is moderately wounded.
The gnoll barely misses you.
You slash the gnoll!
You kill the gnoll!
Your Fighting skill increases to level 5!
No target in view!
No target in view!
No target in view!
No target in view!
No target in view!
f - 3 potions of curing {@q1 !q} (gained 1)
u - 4 scrolls of fog {!r} (gained 1)
You butcher the gnoll corpse.
c - 5 chunks of flesh (gained 1)
You see here a gnoll skeleton. x2
Items here: )) / † a +0 club; a cursed -3 spear; a wand of random effects (20); a gnoll corpse You butcher the gnoll corpse.
c - 9 chunks of flesh (gained 4)
Items here: )) / ÷ a +0 club; a cursed -3 spear; a wand of random effects (20); a gnoll skeleton
Items here: )) / ÷ a +0 club; a cursed -3 spear; a wand of random effects (20); a gnoll skeleton
Found 23 stones.
You now have 30 gold pieces (gained 15).
Found a stone staircase leading down.
There is a stone staircase leading down here.
e - 11 rations (gained 1)
A jackal comes into view.
The jackal moves out of view.
No target in view!
No target in view!
No target in view!
No target in view!
No target in view!
No target in view!
No target in view!
No target in view!
No target in view!
No target in view!
No target in view!
A jackal comes into view.
The jackal barks!
You hear a bark!
A jackal comes into view. x2
There are monsters nearby!
There are monsters nearby!
The jackal barks!
You hit the jackal.
The jackal is heavily wounded.
You hear a bark!
A jackal comes into view.
The jackal bites you.
A jackal comes into view.
You block the jackal's attack.
The jackal moves out of view.
You hear a bark!
You closely miss the jackal.
The jackal is heavily wounded.
You block the jackal's attack. x2
You slash the jackal!
You kill the jackal!
The jackal barely misses you.
You barely miss the jackal. You block the jackal's attack.
Are you sure you want to abandon this character and quit the game? (Confirm with "yes".)

, * ###.# ,
..#.# * .
#.#.# .. ,
,#.#.# *
.#.## #.#.#
,
...h..#.#.#
,
....h.#.#.#
......hh..#
,
*##.#.#@###
,,*,#.# , ,
#.# * *
,...,, ,
#.#* * ,
#.# * , #.#
* * ,#.# *
, , , ,


You could see 4 jackals.

Vanquished Creatures
  2 sky beasts (D:5)
  A phantom (D:4)
  An ogre (D:5)
  A jelly (D:5)
  A bullfrog skeleton (D:4)
  2 hounds
  3 orc wizards
  2 iguanas
  Ijyb (D:4)
  2 worker ants (D:4)
  3 gnolls (D:5)
  6 adders
  2 oozes
  4 worms
  2 dart slugs
  4 leopard geckos
  6 orcs
  A ball python (D:3)
  7 bats
  4 giant cockroaches
  5 goblins
  6 hobgoblins (D:1)
  4 jackals
  9 kobolds
  3 quokkas
  6 frilled lizards
  A quokka skeleton (D:4)
  10 rats
99 creatures vanquished.

Notes
Turn   | Place    | Note
-------+----------+-------------------------------------------
     0 | D:1      | EnegeticOcto the Deep Dwarf Fighter began the quest for the
                  | Orb.
     0 | D:1      | Reached XP level 1. HP: 20/20 MP: 1/1
    82 | D:1      | Reached XP level 2. HP: 24/27 MP: 2/2
   291 | D:1      | Reached XP level 3. HP: 25/34 MP: 3/3
   605 | D:2      | Reached skill level 1 in Dodging
   733 | D:2      | Found an iron altar of Okawaru.
   824 | D:2      | Reached XP level 4. HP: 36/42 MP: 4/4
  1322 | D:3      | Reached XP level 5. HP: 46/49 MP: 4/4
  1599 | D:4      | Noticed Ijyb
  1611 | D:4      | Killed Ijyb
  1723 | D:4      | Reached XP level 6. HP: 50/57 MP: 5/5
  1992 | D:4      | Found Totsefay's Magic Scroll Shoppe.
  2074 | D:4      | Bought a scroll of teleportation for 42 gold pieces
  2074 | D:4      | Bought a scroll of fear for 49 gold pieces
  2074 | D:4      | Bought a scroll of fog for 28 gold pieces
  2430 | D:5      | Entered Level 5 of the Dungeon
  2436 | D:5      | Noticed a sky beast
  2448 | D:5      | Killed a sky beast
  2448 | D:5      | Reached skill level 5 in Axes
  2448 | D:5      | Reached XP level 7. HP: 52/66 MP: 5/5
  2485 | D:5      | Found Oketysch's Jewellery Boutique.
  2500 | D:5      | Reached skill level 5 in Shields
  2574 | D:5      | Reached skill level 5 in Fighting
  2634 | D:5      | Quit the game

Levels and vault maps discovered:
D:1:      scummos_arrival_checkerplants, layout_rooms, grunt_decor_one_mirror
D:2:      layout_basic, okawaru_metal_pillars_1_2
D:3:      layout_loops_ring, kennysheep_generic_room_15
D:4:      layout_basic, serial_shops, nicolae_shop_stone, uniq_ijyb
D:5:      minmay_octagon_keep, layout_basic, first_ration, serial_shops, shop

Skill      XL: |  1  2  3  4  5  6  7 |
---------------+----------------------+-----
Fighting       | 3 4 5 |  5.0
Axes           | 3 4 5 |  5.6
Dodging        | 1 2 |  2.6
Armour         | 4 |  4.9
Shields        | 4 5 |  5.2

Action                   |  1- 3 |  4- 6 |  7- 9 || total
-------------------------+-------+-------+-------++-------
Melee: War axe           |    97 |   183 |    48 ||   328
 Abil: Heal Wounds       |     2 |     5 |     3 ||    10
  Use: Scroll            |       |     5 |     1 ||     6
  Eat: Chunk             |       |     5 |     1 ||     6
Armor: Scale mail        |    60 |    69 |    14 ||   143
Dodge: Dodged            |    32 |    53 |    15 ||   100
Block: Kite shield       |    58 |    79 |       ||   137
       Tower shield      |       |     3 |    49 ||    52

Table legend:
 A = Non-vault XP
 B = Vault XP
 C = Vault XP percentage of total XP
 D = Non-vault monster count
 E = Vault monster count
 F = Vault count percentage of total count
                 A         B        C        D         E       F
            +---------+---------+-------+---------+---------+-------
      Total |    1199 |      36 |   2.9 |      98 |       1 |   1.0
            +---------+---------+-------+---------+---------+-------
        D:1 |      42 |       0 |   0.0 |      24 |       0 |   0.0
        D:2 |      55 |       0 |   0.0 |      15 |       0 |   0.0
        D:3 |     128 |       0 |   0.0 |      26 |       0 |   0.0
        D:4 |     429 |      36 |   7.7 |      22 |       1 |   4.3
        D:5 |     545 |       0 |   0.0 |      11 |       0 |   0.0
            +---------+---------+-------+---------+---------+-------
